Map: Curious Minds LE

Players

Aloe - Winner!

  • Race: Terran Terran
  • League: Gold
  • Spawn Location: 11:00

MagicPants

  • Race: Zerg Zerg
  • League: Gold
  • Spawn Location: 5:00

VOD

Have the link to the VOD?

Description

Time

  • Played on: July 9, 2022, 12:03 a.m.
  • Length: 19:39
Show
View Real Time Build Order
Export as new Build Order

Aloe Terran - Winner!

Build Orders:  

Get SALT Encoding   

  12  0:00  SCV  
  13  0:12  SCV  
  14  0:22  Supply Depot  
  14  0:28  Refinery  
  14  0:30  SCV  
  15  0:41  Refinery  
  15  0:44  SCV  
  16  0:56  Barracks  
  16  1:00  SCV  
  17  1:14  Supply Depot  
  17  1:15  SCV  
  18  1:27  SCV  
  19  1:36  Supply Depot  
  19  1:46  Bunker, Marine  
  20  1:55  SCV  
  20  2:04  Marine  
  20  2:07  SCV  
  22  2:36  SCV  
  20  2:38  Factory  
  20  2:48  SCV  
  21  2:51  Ghost Academy  
  21  3:00  SCV  
  22  3:05  Barracks Tech Lab  
  24  3:27  Personal Cloaking  
  24  3:32  SCV  
  23  3:49  Factory Tech Lab  
  23  3:57  Ghost  
  23  3:59  Orbital Command  
  25  4:09  Siege Tank  
  28  4:18  Starport  
  28  4:23  Starport  
  28  4:41  Siege Tank  
  30  4:53  Nuke  
  30  5:00  Supply Depot  
  30  5:04  Starport Tech Lab  
  30  5:05  Starport Tech Lab  
  30  5:35  Fusion Core  
  30  6:01  Nuke  
  30  6:07  Command Center  
  30  6:24  Refinery  
  30  6:32  Refinery  
  30  6:33  Supply Depot  
  30  6:39  Siege Tank  
  33  6:56  Engineering Bay  
  31  7:22  SCV  
  32  7:32  SCV  
  32  7:34  SCV  
  34  7:44  SCV  
  34  7:46  Battlecruiser, SCV  
  42  7:56  SCV  
  43  7:58  SCV  
  44  8:09  SCV  
  44  8:10  Battlecruiser, SCV  
  52  8:21  SCV  
  52  8:23  SCV  
  54  8:34  Command Center  
  54  8:35  SCV  
  55  8:43  Armory  
  55  8:46  Armory  
  55  8:47  SCV  
  56  8:59  SCV  
  56  9:02  Refinery  
  57  9:26  Supply Depot  
  57  9:31  Terran Ship Weapons Level 1, Refinery  
  57  9:34  Terran Vehicle And Ship Armor Level 1  
  57  9:39  SCV  
  58  9:46  Battlecruiser  
  58  9:51  SCV  
  58  9:52  SCV  
  66  10:04  SCV  
  67  10:11  Battlecruiser  
  67  10:13  SCV  
  74  10:16  SCV  
  75  10:28  Supply Depot, SCV  
  76  10:36  SCV  
  76  10:40  SCV  
  78  10:48  SCV  
  79  10:51  Supply Depot  
  79  10:53  SCV  
  79  10:56  Battlecruiser  
  86  11:14  Supply Depot  
  86  11:20  Battlecruiser  
  91  11:34  SCV  
  92  11:40  Terran Vehicle And Ship Armor Level 2, Terran Ship Weapons Level 2  
  92  11:43  SCV  
  92  11:46  SCV  
  94  12:04  Battlecruiser  
  88  12:28  Battlecruiser  
  82  12:44  SCV  
  82  12:46  SCV, Starport  
  82  12:49  Supply Depot  
  84  12:56  SCV  
  79  13:08  Battlecruiser  
  79  13:11  Missile Turret  
  79  13:14  Missile Turret x2  
  73  13:25  Starport Tech Lab  
  70  13:29  Supply Depot  
  70  13:33  Battlecruiser  
  76  13:44  Battlecruiser  
  82  14:01  Terran Ship Weapons Level 3  
  82  14:02  Terran Vehicle And Ship Armor Level 3  
  82  14:16  Battlecruiser  
  71  14:48  Battlecruiser  
  65  14:57  Battlecruiser  
  67  15:06  SCV  
  52  15:22  Battlecruiser  
  58  16:18  Battlecruiser  
  46  17:46  Orbital Command  
  40  18:18  SCV  
  41  18:26  Refinery  
  41  18:30  SCV  
  42  18:42  SCV  
Show
View Real Time Build Order
Export as new Build Order

MagicPants Zerg 

Build Orders: Hatch First 

Get SALT Encoding   

  12  0:03  Drone  
  13  0:12  Overlord  
  13  0:16  Drone  
  14  0:30  Drone x2  
  16  0:50  Hatchery  
  16  0:53  Drone  
  16  0:56  Drone  
  17  1:00  Drone  
  17  1:03  Extractor  
  17  1:17  Spawning Pool  
  16  1:20  Drone  
  17  1:26  Drone  
  17  1:31  Overlord  
  18  2:04  Zergling x8  
  18  2:06  Queen  
  24  2:15  Metabolic Boost  
  23  2:21  Drone x2  
  25  2:27  Spine Crawler  
  23  2:38  Drone x3  
  26  2:50  Overlord, Drone x2  
  28  3:04  Drone x2  
  30  3:06  Queen  
  32  3:16  Zergling x10  
  37  3:23  Drone x2  
  39  3:27  Overlord  
  39  3:45  Baneling Nest  
  39  3:48  Drone x3  
  41  3:54  Drone x2  
  41  3:55  Drone x2  
  45  3:57  Queen  
  45  4:00  Overlord  
  45  4:01  Overlord  
  47  4:16  Drone x2  
  49  4:28  Baneling x2  
  49  4:29  Baneling x3  
  49  4:32  Zergling x2  
  49  4:33  Overlord, Zergling x4  
  49  4:34  Drone  
  53  4:52  Hatchery  
  44  5:05  Roach Warren  
  44  5:06  Drone x8  
  44  5:07  Drone  
  52  5:19  Drone x2  
  54  5:22  Extractor  
  54  5:23  Extractor  
  54  5:25  Lair  
  52  5:53  Spore Crawler  
  51  6:27  Spore Crawler  
  51  6:28  Overseer  
  51  6:29  Overseer  
  50  6:34  Roach x5  
  60  6:41  Centrifugal Hooks  
  59  7:21  Queen  
  61  7:24  Roach x6  
  61  7:25  Zergling x2  
  61  7:26  Overlord x2  
  61  7:27  Glial Reconstitution  
  74  7:30  Pneumatized Carapace  
  74  7:58  Overlord  
  74  7:59  Drone x3  
  74  8:00  Drone x4  
  74  8:01  Drone  
  74  8:03  Queen  
  81  8:24  Spore Crawler  
  80  8:43  Overlord x2, Roach x6  
  80  8:44  Overlord x2  
  80  8:45  Drone x6  
  98  9:01  Queen x2  
  102  9:04  Hatchery  
  102  9:05  Hatchery  
  100  9:13  Overlord  
  100  9:24  Drone x10  
  104  9:25  Drone x3  
  113  9:32  Queen  
  113  9:38  Spire  
  114  9:41  Infestation Pit  
  114  9:52  Ravager  
  114  9:53  Ravager x5  
  114  9:54  Ravager x2  
  114  9:55  Roach x3  
  114  9:56  Overlord x2, Drone  
  114  9:57  Drone x5  
  133  10:01  Extractor  
  133  10:04  Extractor  
  131  10:53  Infestor x3  
  131  10:54  Infestor  
  131  10:55  Zergling x6  
  131  10:56  Zergling x14  
  131  10:57  Drone x4, Zergling x2  
  150  10:58  Overlord x3, Drone  
  155  11:19  Hatchery  
  153  11:29  Mutalisk x5  
  163  11:38  Corruptor  
  123  12:17  Corruptor x4  
  120  12:39  Corruptor  
  120  12:40  Corruptor x2  
  123  12:51  Spore Crawler  
  112  13:02  Corruptor x2  
  114  13:10  Corruptor  
  109  13:32  Infestor  
  111  13:48  Zergling x20  
  118  13:53  Overlord  
  118  13:54  Overlord x3  
  121  14:00  Hatchery  
  120  14:18  Hatchery  
  120  14:20  Roach x4  
  120  14:21  Roach x8  
  141  14:28  Zergling x6  
  144  14:37  Queen  
  124  15:03  Roach x8  
  124  15:04  Roach x4  
  131  15:14  Drone, Corruptor  
  130  15:21  Ravager x3  
  130  15:22  Ravager  
  132  15:36  Queen  
  132  15:38  Drone x6  
  132  15:39  Drone x2  
  132  15:40  Drone x2  
  144  15:44  Spore Crawler  
  144  15:45  Spore Crawler  
  142  16:02  Corruptor x4  
  150  16:05  Drone x4  
  144  16:23  Corruptor x3  
  124  16:36  Corruptor  
  103  16:52  Spore Crawler  
  103  16:53  Spore Crawler x2  
  90  16:56  Spore Crawler  
  71  17:16  Corruptor x4  
  70  17:45  Lair  
  70  17:48  Extractor  
  65  17:51  Extractor  
  65  17:56  Spore Crawler  
  57  18:18  Hatchery  
  56  18:21  Drone x3  
  59  18:27  Drone x3  
  62  18:37  Queen  
  66  18:48  Spore Crawler  
  65  18:53  Spore Crawler  
  63  18:57  Spore Crawler  
  63  19:01  Spore Crawler  
  60  19:08  Spire  
  49  19:17  Zergling x6  
  49  19:18  Zergling x6  
  54  19:24  Spore Crawler  
  54  19:25  Spore Crawler  
Tags
 
League
GoldGold
Matchup
TvZ
Spawn Locations
Cross Positions
Add a new tag
Caveats
  • Supply blocks, unpowered buildings, or Contaminate may cause inaccurate times.
  • Supply counts are checked every 10 seconds.